 Dungeon Crawl Stone Soup version 0.24.0-7-gb3623d2c88 (webtiles) character file.

Game seed: 17484033476427125905, levelgen mode: deterministic

7039 night the Transmogrifier (level 10, -13/132 HPs)
             Began as a Black Draconian Transmuter on Nov 2, 2019.
             Was a Priest of Sif Muna.
             Mangled by a spark wasp (18 damage)
             ... on level 12 of the Dungeon.
             The game lasted 00:47:17 (13699 turns).

night the Transmogrifier (DrTm)                    Turns: 13699, Time: 00:47:18

Health: -13/132    AC: 25    Str: 13    XL:     10   Next: 83%
Magic:  19/19      EV:  2    Int: 17    God:    Sif Muna [***...]
Gold:   155        SH:  0    Dex: 11    Spells: 10/21 levels left

rFire    + . .     SeeInvis .     - Unarmed
rCold    + . .     Gourm    .   (no shield)
rNeg     + + +     Faith    .   (armour unavailable)
rPois    +         Spirit   .   (helmet currently unavailable)
rElec    +         Reflect  .   (cloak currently unavailable)
rCorr    +         Harm     .   (gloves currently unavailable)
MR       .....     NoTele   +   (boots currently unavailable)
Stlth    +.........             s - amulet of the acrobat
HPRegen  0.32/turn              (no ring)
MPRegen  0.16/turn              (no ring)

@: tree-form, resistant
A: (breathe lightning), unfitting armour, AC +7
a: Channel Magic, Forget Spell, Renounce Religion


You were on level 12 of the Dungeon.
You worshipped Sif Muna.
Sif Muna was most pleased with you.
You were not hungry.
You were a tree.
You visited 2 branches of the dungeon, and saw 13 of its levels.

You collected 500 gold pieces.
You spent 345 gold pieces at shops.

Inventory:

Missiles
 d - 8 silver javelins
 i - 11 boomerangs (quivered)
 n - 51 bolts
 t - 100 arrows
Armour
 j - a +0 pair of gloves (melded)
 l - a scarf of cloud immunity (melded)
 m - a +0 hat (melded)
Magical Staves
 y - an uncursed staff of air
Jewellery
 q - an uncursed ring of fire
 s - an amulet of the acrobat (around neck)
 z - an uncursed amulet of the gourmand
 I - a +2 ring of dexterity {unknown}
Wands
 f - a wand of disintegration (1)
 w - a wand of flame (34)
 D - a wand of random effects (17)
 G - a wand of digging (6)
 H - a wand of polymorph (3)
Scrolls
 b - 2 scrolls of fog
 p - 2 scrolls of amnesia
 B - 3 scrolls of enchant weapon
 E - 2 scrolls of identify
 F - 3 scrolls of magic mapping
 J - a scroll of immolation {unknown}
Potions
 e - 3 potions of haste
 h - 2 potions of might
 o - 2 potions of flight
 K - a potion of magic {unknown}
Comestibles
 c - 13 rations


   Skills:
 + Level 7.7 Fighting
 - Level 1.7 Dodging
 * Level 9.4 Unarmed Combat
 + Level 6.1 Spellcasting
 - Level 10.7 Transmutations


You had 10 spell levels left.
You knew the following spells:

 Your Spells              Type           Power        Failure   Level  Hunger
a - Beastly Appendage     Tmut           #####.       1%          1    None
b - Spider Form           Tmut/Pois      ###.......   4%          3    ##.....
c - Blade Hands           Tmut           #####.....   4%          5    #####..
d - Sticks to Snakes      Tmut           #####...     1%          2    None

Your spell library contained the following spells:

 Spells                   Type           Power        Failure   Level  Hunger
 Passwall                 Tmut/Erth      ###.....     2%          2    None
 Freeze                   Ice            #...         13%         1    None
 Sandblast                Erth           #.....       13%         1    None
 Ice Form                 Ice/Tmut       ###.....     14%         4    ####...
 Petrify                  Tmut/Erth      ###.....     14%         4    ####...
 Throw Frost              Conj/Ice       #.....       19%         2    None
 Ozocubu's Armour         Chrm/Ice       #.......     36%         3    ##.....
 Stone Arrow              Conj/Erth      #.....       36%         3    ##.....
 Summon Ice Beast         Ice/Summ       #.......     77%         4    ####...
 Throw Icicle             Conj/Ice       #.......     77%         4    ####...
 Lee's Rapid Deconstruct  Erth           #.........   98%         5    #####..


Dungeon Overview and Level Annotations

Branches:
Dungeon (12/15)            Temple (0/1) D:5            Lair (1/6) D:10
    Orc (0/2) D:12

Altars:
Ashenzari
Cheibriados
Dithmenos
Elyvilon
Gozag
Hepliaklqana
Makhleb
Nemelex Xobeh
Qazlal
Ru
Sif Muna
Trog
Vehumet
Wu Jian
Xom
Zin

Shops:
D:9 *

Annotations:
D:3 1 runed translucent door, OleJ's ghost, amateur GnAs
D:9 2 transporters, Veogap's ghost, novice TrBe
D:10 exclusion: ice statue


Innate Abilities, Weirdness & Mutations

((You can breathe wild blasts of lightning.))
((Your glossy black scales are hard. (AC +7)))
You cannot fit into any form of body armour.
((You are resistant to electric shocks. (rElec)))
((You are cold-blooded and may be slowed by cold attacks.))


Message History

The spark wasp stings you!
* * * LOW HITPOINT WARNING * * *
The spark wasp shocks you. You resist.
* * * LOW HITPOINT WARNING * * *
Evoke which item? (* to show all) (? for menu, Esc to quit)
Aiming: Scattershot
Press: ? - help, Shift-Dir - straight line, f/p - spark wasp
Aim: a spark wasp (moderately wounded)
The burst of metal fragments hits the spark wasp but does no damage. x2
The spark wasp is moderately wounded.
The now-empty wand crumbles to dust.
The spark wasp stings you!!
* * * LOW HITPOINT WARNING * * *
The spark wasp shocks you. You resist.
* * * LOW HITPOINT WARNING * * *
You feel better. The spark wasp stings you.
* * * LOW HITPOINT WARNING * * *
The spark wasp shocks you. You resist.
* * * LOW HITPOINT WARNING * * *
The spark wasp stings you!!
You die...

#...........#....#......#
#..Z.y......#....#......#
**##'######+###....#..##..#
.........y.........#..##..#
..........Z........#....<.#
...................#...[..#
...................##'##..#
#'########+######......#..#
..,,,,,........y♣......#..#
..,,,,,.........#......#..#
,,,,,,,.........#......#..#
****,,*##+##+####......#..#
,,**,,***,*,,,,........#..#
,,,,,,+,,,*,,,,........#..#
,,,,,,*,,,*,,,.........#..#
,,*********,,,,,.W.....#..#
,,***,***,,,,*+***#....#..#


You could see a spark wasp and a hungry ghost (wandering).

Vanquished Creatures
  A two-headed ogre (D:9)
  Pikel (D:8)
  A troll (D:10)
  Grinder (D:5)
  2 hippogriffs
  Sigmund (D:2)
  A shadow (D:12)
  2 wyverns
  2 yaks (D:9)
  2 hungry ghosts
  3 vampire mosquitoes (D:12)
  2 water moccasins
  A porcupine (Lair:1)
  2 orc warriors
  A slave (D:8)
  2 ice beasts (D:8)
  A black bear (D:10)
  4 ogres
  4 centaurs
  2 big kobolds
  5 bullfrogs
  2 scorpions
  A troll zombie (D:12)
  4 wights (D:8)
  3 crimson imps
  A human zombie (D:6)
  A centaur zombie (D:5)
  3 hounds
  3 orc priests
  3 jellies
  7 orc wizards
  3 human skeletons (D:6)
  Ijyb (D:5)
  4 iguanas
  5 worker ants
  An ogre zombie (D:12)
  A hound skeleton (D:10)
  2 hound zombies
  A howler monkey skeleton (D:6)
  3 gnolls
  13 adders
  3 oozes
  An adder zombie (D:5)
  A worm (D:4)
  5 dart slugs
  5 leopard geckos
  11 orcs
  3 giant cockroaches
  4 goblins
  8 hobgoblins
  4 jackals (D:10)
  20 kobolds
  2 quokkas
  7 bats
  5 frilled lizards
  A hobgoblin zombie (D:12)
  A leopard gecko zombie (D:5)
  3 orc skeletons
  7 orc zombies (D:12)
  3 rats
197 creatures vanquished.

Vanquished Creatures (collateral kills)
  Eustachio (D:6)
  Menkaure (D:7)
  Blork the orc (D:4)
  2 scorpions (D:4)
  A crimson imp (D:7)
6 creatures vanquished.

Vanquished Creatures (others)
  A sky beast (D:8)
  A bullfrog skeleton (D:8)
  An orc wizard (D:8)
  5 orcs
8 creatures vanquished.

Grand Total: 211 creatures vanquished

Notes
Turn   | Place    | Note
-------+----------+-------------------------------------------
     0 | D:1      | night the Draconian Transmuter began the quest for the Orb.
     0 | D:1      | Reached XP level 1. HP: 16/16 MP: 3/3
   355 | D:1      | Reached XP level 2. HP: 23/23 MP: 1/5
   359 | D:1      | Learned a level 2 spell: Sticks to Snakes
   756 | D:1      | Reached XP level 3. HP: 24/29 MP: 4/6
  1199 | D:2      | Found a sacrificial altar of Ru.
  1209 | D:2      | Noticed Sigmund
  1220 | D:2      | Killed Sigmund
  1220 | D:2      | Reached skill level 3 in Transmutations
  1220 | D:2      | Reached XP level 4. HP: 25/38 MP: 0/7
  1220 | D:2      | Reached XP level 5. HP: 30/45 MP: 0/8
  1370 | D:2      | Learned a level 5 spell: Blade Hands
  2170 | D:3      | Found a hazy altar of Hepliaklqana.
  2221 | D:3      | Found a white marble altar of Elyvilon.
  2393 | D:3      | Found a burning altar of Makhleb.
  2476 | D:3      | Found a runed translucent door.
  2480 | D:3      | Noticed OleJ's ghost (amateur GnAs)
  3020 | D:4      | Reached skill level 4 in Transmutations
  3285 | D:4      | Found a shimmering blue altar of Sif Muna.
  3288 | D:4      | Became a worshipper of Sif Muna the Loreminder
  3489 | D:4      | Found Zin's Purification Station.
  3491 | D:4      | Found a glowing silver altar of Zin.
  3494 | D:4      | Bought a potion of curing for 90 gold pieces
  3537 | D:4      | Found a shimmering altar of Xom.
  3602 | D:4      | Reached XP level 6. HP: 40/51 MP: 4/9
  3741 | D:4      | Found a stormy altar of Qazlal.
  4104 | D:4      | Noticed Blork the orc
  4116 | D:4      | Killed Blork the orc
  4133 | D:4      | Found a shattered altar of Ashenzari.
  4133 | D:4      | Found a radiant altar of Vehumet.
  4408 | D:5      | Entered Level 5 of the Dungeon
  4490 | D:5      | Noticed Grinder
  4492 | D:5      | Paralysed by Grinder for 7 turns
  4861 | D:5      | Paralysed by Grinder for 4 turns
  4871 | D:5      | Killed Grinder
  4871 | D:5      | Reached skill level 5 in Transmutations
  4871 | D:5      | Your scales start taking on a glossy black colour.
  4871 | D:5      | Reached XP level 7. HP: 38/59 MP: 5/11
  4871 | D:5      | Gained mutation: You are resistant to electric shocks.
                  | (rElec) [Black Draconian growth]
  4958 | D:5      | Noticed Ijyb
  4979 | D:5      | Killed Ijyb
  5211 | D:5      | Reached skill level 5 in Unarmed Combat
  5490 | D:5      | Found a staircase to the Ecumenical Temple.
  5583 | D:6      | Found an ornate altar of the Wu Jian Council.
  5763 | D:6      | Noticed Eustachio
  6068 | D:7      | Noticed a hippogriff
  6202 | D:6      | Reached * piety under Sif Muna
  6364 | D:6      | Found a shadowy altar of Dithmenos.
  6553 | D:6      | Killed Eustachio
  6553 | D:6      | Reached skill level 5 in Fighting
  6553 | D:6      | Reached skill level 6 in Transmutations
  6553 | D:6      | Reached XP level 8. HP: 20/68 MP: 7/13
  6821 | D:6      | Found a snail-covered altar of Cheibriados.
  7097 | D:6      | Learned a level 3 spell: Spider Form
  7354 | D:6      | Reached skill level 7 in Transmutations
  7588 | D:6      | Found a shimmering blue altar of Sif Muna.
  7657 | D:6      | HP: 2/68 [centaur (7)]
  8067 | D:7      | Noticed Menkaure
  8128 | D:7      | Killed Menkaure
  8128 | D:7      | Reached skill level 8 in Transmutations
  8445 | D:7      | Killed a hippogriff
  8445 | D:7      | Reached skill level 9 in Transmutations
  8565 | D:7      | Found a bloodstained altar of Trog.
  8694 | D:8      | Found a sparkling altar of Nemelex Xobeh.
  8750 | D:8      | Reached XP level 9. HP: 61/74 MP: 8/14
  8792 | D:8      | Noticed Pikel
  8796 | D:8      | Killed Pikel
  8796 | D:8      | Reached skill level 10 in Transmutations
  9476 | D:9      | Found an opulent altar of Gozag.
  9703 | D:9      | Reached ** piety under Sif Muna
  9727 | D:9      | Found a transporter.
  9728 | D:9      | Noticed a skeletal warrior
  9817 | D:9      | Found a transporter.
  9835 | D:9      | Noticed Veogap's ghost (novice TrBe)
  9903 | D:9      | Reached XP level 10. HP: 29/83 MP: 15/17
 10167 | D:9      | Noticed a two-headed ogre
 10264 | D:9      | Noticed a two-headed ogre
 10583 | D:9      | Killed a two-headed ogre
 10583 | D:9      | Reached skill level 5 in Spellcasting
 10631 | D:9      | Found Fioneletz's Assorted Antiques.
 10669 | D:9      | Bought a scroll of blinking for 255 gold pieces
 10762 | D:10     | Entered Level 10 of the Dungeon
 11168 | D:10     | Found a staircase to the Lair.
 11341 | D:10     | Noticed an ice statue
 11573 | D:10     | You fall into a shaft and drop 2 floors!
 11617 | D:12     | Reached *** piety under Sif Muna
 13366 | Lair:1   | Entered Level 1 of the Lair of Beasts
 13455 | Lair:1   | Noticed an eight-headed hydra
 13601 | D:12     | Noticed a seven-headed hydra
 13627 | D:12     | Noticed a spark wasp
 13627 | D:12     | a seven-headed hydra changed into a spark wasp
 13698 | D:12     | HP: 4/132 [spark wasp (5)]
 13699 | D:12     | Mangled by a spark wasp

Levels and vault maps discovered:
D:1:      dpeg_arrival_tiny_h, layout_loops_ring
D:2:      layout_loops_corners, nicolae_overflow_crystal_walls, first_ration,
          uniq_sigmund
D:3:      layout_loops_ring, elyvilon_altar_5, bloody_makhleb,
          old_standard_altar, hellmonk_ghost_happy_afterlife,
          lemuel_old_faithful
D:4:      layout_basic, lemuel_doored_altar, zin_purify, grunt_qazlal_clouds,
          gammafunk_temple_overflow_wave, lemuel_blue_sif_altar,
          uniq_blork_the_orc
D:5:      layout_basic, minmay_temple_entry_statues_fountains, uniq_ijyb,
          uniq_grinder
D:6:      layout_loops_ring, kennysheep_slug_shrine, marbit_many_paths,
          lemuel_round_altar, lemuel_crystal_altar,
          nicolae_ossuary_entry_catacombs, uniq_eustachio
D:7:      layout_rooms, lightli_temple_of_fire, uniq_menkaure
D:8:      layout_loops_ring, nemelex_xobeh_ov_fountains_minmay, uniq_pikel
D:9:      layout_roguey, nicolae_gozag_cash_rules_everything_around_me,
          serial_shops, nicolae_shop_window_shopping, gammafunk_ghost_mausoleum
D:10:     layout_loops_corners, lair_entry_dummy, chequers_garden,
          grunt_ogre_cave, minivault_16
D:11:     layout_long_grid, ebering_dispersal_statue_hall
D:12:     layout_gridville, zombieorc2_lemuel
Lair:1:   layout_chaotic_city, basic_altar, serial_bayou_shore_a

Skill      XL: |  1  2  3  4  5  6  7  8  9 10 |
---------------+-------------------------------+-----
Fighting       | 2 3 4 5 6 7 |  7.7
Unarmed Combat | 4 5 7 9 |  9.4
Transmutations | 3 4 5 6 9 10 | 10.7
Spellcasting   | 3 4 6 |  6.1
Dodging        | |  1.7

Action                   |  1- 3 |  4- 6 |  7- 9 | 10-12 || total
-------------------------+-------+-------+-------+-------++-------
Melee: Unarmed           |    88 |   169 |   344 |   192 ||   793
       Headbutt          |     5 |    12 |    18 |       ||    35
       Kick              |     7 |     6 |    11 |       ||    24
       Tailslap          |     6 |    17 |    53 |    21 ||    97
       Punch             |     1 |     3 |    11 |     5 ||    20
       Staff             |       |       |   151 |       ||   151
Throw: Boomerang         |       |       |    13 |       ||    13
 Cast: Beastly Appendage |    19 |    27 |    17 |       ||    63
       Sticks to Snakes  |     3 |     9 |     8 |     1 ||    21
       Blade Hands       |       |       |    15 |    22 ||    37
       Spider Form       |       |       |     4 |       ||     4
 Abil: Breathe Lightning |       |       |     1 |     2 ||     3
Evoke: Wand              |       |       |     1 |    35 ||    36
  Use: Scroll            |       |     7 |     5 |     7 ||    19
       Potion            |       |     4 |     3 |     9 ||    16
 Stab: Sleeping          |       |     2 |       |       ||     2
       Distracted        |       |     1 |       |       ||     1
       Invisible         |       |       |     1 |       ||     1
  Eat: Chunk             |     1 |     8 |    24 |     8 ||    41
       Ration            |       |     1 |     1 |     4 ||     6
Armor: Skin              |    32 |    39 |   132 |    50 ||   253
Dodge: Dodged            |    57 |    85 |   293 |   140 ||   575
